 Dungeon Crawl Stone Soup version 0.21.1-1-g345015f (webtiles) character file.

14266 LairdRich the Cleaver (level 11, -1/148 HPs)
             Began as a Minotaur Berserker on June 10, 2018.
             Was a High Priest of Trog.
             Killed from afar by Nikola (32 damage)
             ... with a chain lightning
             ... on level 1 of the Spider Nest.
             The game lasted 00:58:35 (8626 turns).

LairdRich the Cleaver (Minotaur Berserker)          Turns: 8626, Time: 00:58:36

Health: -1/148     AC: 20    Str: 27    XL:     11   Next: 86%
Magic:  10/10      EV: 11    Int:  4    God:    Trog [*****.]
Gold:   750        SH: 12    Dex: 13    Spells: 10/10 levels left

rFire    . . .     SeeInvis .   y - +1 war axe
rCold    . . .     Gourm    .   F - +0 shield
rNeg     . . .     Faith    .   z - +0 plate armour
rPois    .         Spirit   .   H - +1 hat
rElec    .         Reflect  .   s - +1 cloak
rCorr    +         Harm     .   p - +0 pair of gloves
MR       .....                  o - +0 pair of boots
Stlth    ..........             a - amulet of regeneration
HPRegen  0.74/turn              b - ring of resist corrosion
MPRegen  0.12/turn              (no ring)

@: berserking (expiring), very quick
A: retaliatory headbutt, horns 2
a: Berserk, Trog's Hand, Brothers in Arms, Burn Spellbooks, Renounce Religion


You were on level 1 of the Spider Nest.
You worshipped Trog.
Trog was extremely pleased with you.
You were very hungry.

You visited 3 branches of the dungeon, and saw 11 of its levels.
You also visited: Ossuary.

You collected 750 gold pieces.

Inventory:

Hand Weapons
 y - a +1 war axe (weapon)
Missiles
 d - 6 tomahawks (quivered)
 k - 86 arrows
 l - 20 sling bullets
 m - 4 throwing nets
Armour
 o - a +0 pair of boots (worn)
 p - a +0 pair of gloves (worn)
 s - a +1 cloak (worn)
 z - a +0 plate armour (worn)
 F - a +0 shield (worn)
 H - a +1 hat (worn)
Jewellery
 a - an amulet of regeneration (around neck)
 b - a ring of resist corrosion (left hand)
Wands
 w - a wand of polymorph (18)
 x - a wand of paralysis (31)
 G - a wand of random effects (30)
 I - a wand of acid (4)
 K - a wand of disintegration (5)
Scrolls
 f - a scroll of fear
 i - 2 scrolls of blinking
 n - 9 scrolls of teleportation
 u - a scroll of fog
 v - a scroll of magic mapping
 C - 5 scrolls of remove curse
Potions
 e - a potion of agility
 g - a potion of brilliance
 h - a potion of might {unknown}
 j - 5 potions of curing
 q - a potion of ambrosia {unknown}
 r - 2 potions of cancellation {unknown}
 B - a potion of lignification {unknown}
 D - a potion of haste {unknown}
Comestibles
 c - 32 rations
 t - a chunk of flesh


   Skills:
 + Level 10.1 Fighting
 * Level 13.0 Axes
 + Level 9.8 Armour
 + Level 8.9 Dodging
 * Level 10.1 Shields


You had 10 spell levels left.
You didn't know any spells.

Dungeon Overview and Level Annotations

Branches:
Dungeon (8/15)             Temple (0/1) D:4            Lair (2/6) D:8
 Spider (1/4) Lair:2
  Swamp: Lair:2-4    Shoals: Lair:2-4

Altars:
Elyvilon
Fedhas
Kikubaaqudgha
Makhleb
Nemelex Xobeh
Wu Jian
Zin

Annotations:
Spider:1 Nikola


Innate Abilities, Weirdness & Mutations

You reflexively headbutt those who attack you in melee.
You have a pair of horns on your head.


Message History

Nikola is almost dead.
Nikola gestures wildly while chanting.
You hear a mighty clap of thunder!
The lightning arc hits you!
The lightning arc hits Nikola.
The lightning arc hits you!
The lightning arc hits Nikola.
The lightning arc hits you!
* * * LOW HITPOINT WARNING * * *
You hear a shout!
You hear an angry hiss.
You are too injured to fight recklessly!
You are too injured to fight recklessly!
You are too injured to fight recklessly!
You are too injured to fight recklessly!
You are too injured to fight recklessly!
You are too injured to fight recklessly!
You slash Nikola!
Nikola is almost dead.
Nikola gestures wildly while chanting.
You hear a mighty clap of thunder!
The lightning arc hits you!
You die...

.#.............
...............
...............
................
..^........[....
................
........@.......
........@..#..
#.........#.#
.#........^###
.......<...#.#
........††...#
......(......#
.#......#....#
............##
.......######


You could see Nikola.

Vanquished Creatures
  Gastronok (D:8)
  A catoblepas (Lair:2)
  Pikel (D:8)
  An orb spider (Spider:1)
  Maurice (D:8)
  4 spiny frogs
  A rime drake (Lair:2)
  A komodo dragon (Lair:2)
  A demonic crawler (Spider:1)
  A queen bee (Lair:1)
  A hornet (Spider:1)
  2 hippogriffs
  6 yaks (Lair:1)
  The ghost of AdmiralAndromeda the Twirler, an amateur DsGl of Uskayaw (D:4)
  2 hell hounds (D:8)
  3 porcupines
  2 sky beasts
  4 water moccasins
  An orc warrior (D:8)
  An ice beast (D:5)
  The ghost of Babolexy the Skirmisher, an amateur HOFi of Wu Jian (D:3)
  5 ogres
  27 wolves
  A centaur (D:5)
  4 crocodiles
  2 big kobolds
  2 bullfrogs
  2 scorpions
  9 wights
  25 killer bees
  3 howler monkeys (D:7)
  4 crimson imps
  A quasit (D:5)
  A centaur zombie (Ossuary)
  A jelly (D:6)
  2 hounds (D:8)
  2 orc wizards
  2 bullfrog skeletons
  A centaur skeleton (D:5)
  Jessica (D:2)
  An iguana (D:7)
  3 worker ants
  A big kobold zombie (Ossuary)
  2 hound zombies
  A hound skeleton (D:8)
  2 mummies (Ossuary)
  10 adders
  2 oozes (D:2)
  2 adder skeletons (D:4)
  4 worms
  A dart slug (D:3)
  8 leopard geckos
  13 orcs
  4 giant cockroaches
  3 gnoll zombies (Ossuary)
  10 goblins
  5 hobgoblins
  9 jackals (D:2)
  A quokka (D:5)
  12 bats
  5 frilled lizards
  3 goblin zombies (Ossuary)
  15 kobolds
  6 orc zombies (Ossuary)
  2 quokka skeletons (D:4)
  14 rats
  2 fungi
273 creatures vanquished.

Vanquished Creatures (collateral kills)
  A komodo dragon (Lair:2)
1 creature vanquished.

Vanquished Creatures (others)
  2 fungi (Lair:2)
2 creatures vanquished.

Grand Total: 276 creatures vanquished

Notes
Turn   | Place    | Note
-------+----------+-------------------------------------------
     0 | D:1      | LairdRich the Minotaur Berserker began the quest for the Orb.
     0 | D:1      | Reached XP level 1. HP: 19/19 MP: 0/0
   123 | D:1      | Reached XP level 2. HP: 26/27 MP: 1/1
   383 | D:1      | Reached skill level 4 in Axes
   518 | D:1      | Reached ** piety under Trog
   518 | D:1      | Reached XP level 3. HP: 29/33 MP: 2/2
   827 | D:2      | Noticed an ogre
   840 | D:2      | Killed an ogre
   840 | D:2      | Reached XP level 4. HP: 41/41 MP: 3/3
   840 | D:2      | Reached XP level 5. HP: 47/47 MP: 4/4
   962 | D:2      | Noticed Jessica
   980 | D:2      | Killed Jessica
  1134 | D:2      | Reached skill level 5 in Axes
  1588 | D:3      | Found a blossoming altar of Fedhas.
  1622 | D:3      | Reached *** piety under Trog
  1785 | D:3      | Noticed Babolexy's ghost (amateur HOFi)
  1797 | D:3      | Killed Babolexy's ghost
  1797 | D:3      | Reached skill level 5 in Fighting
  1797 | D:3      | Reached XP level 6. HP: 46/56 MP: 5/5
  2203 | D:4      | Found a staircase to the Ecumenical Temple.
  2204 | D:4      | Noticed AdmiralAndromeda's ghost (amateur DsGl)
  2223 | D:4      | Killed AdmiralAndromeda's ghost
  2223 | D:4      | Reached skill level 6 in Axes
  2248 | D:4      | Reached XP level 7. HP: 61/61 MP: 6/6
  2298 | D:4      | Found a sand-covered staircase.
  2315 | Ossuary  | Entered an ossuary
  2439 | Ossuary  | Reached skill level 5 in Armour
  2560 | Ossuary  | Reached **** piety under Trog
  3122 | D:5      | Entered Level 5 of the Dungeon
  3138 | D:5      | Reached skill level 7 in Axes
  3512 | D:5      | Found a white marble altar of Elyvilon.
  3613 | D:5      | Reached skill level 5 in Dodging
  3792 | D:5      | Reached XP level 8. HP: 56/70 MP: 7/7
  4297 | D:6      | Reached skill level 8 in Axes
  4694 | D:6      | Found a burning altar of Makhleb.
  5116 | D:7      | Noticed a hippogriff
  5122 | D:7      | Killed a hippogriff
  5122 | D:7      | Reached skill level 9 in Axes
  5149 | D:7      | Reached skill level 1 in Shields
  5297 | D:7      | Reached XP level 9. HP: 79/79 MP: 8/8
  5401 | D:7      | You fall through a shaft!
  5409 | D:8      | Noticed Gastronok
  5438 | D:8      | Killed Gastronok
  5438 | D:8      | Reached skill level 10 in Axes
  5438 | D:8      | Reached skill level 5 in Shields
  5593 | D:8      | Reached XP level 10. HP: 88/88 MP: 9/9
  5696 | D:8      | Found an ornate altar of the Wu Jian Council.
  5696 | D:8      | Found a sparkling altar of Nemelex Xobeh.
  5696 | D:8      | Found a glowing silver altar of Zin.
  5700 | D:8      | Found an ancient bone altar of Kikubaaqudgha.
  5851 | D:8      | Found a staircase to the Lair.
  5912 | D:8      | Noticed Maurice
  5918 | D:8      | Reached ***** piety under Trog
  6206 | D:8      | Noticed Pikel
  6223 | D:8      | Killed Pikel
  6223 | D:8      | Reached skill level 11 in Axes
  6534 | D:8      | Paralysed by Maurice for 7 turns
  6552 | D:8      | Paralysed by something for 5 turns
  6616 | D:8      | Killed Maurice
  6697 | Lair:1   | Entered Level 1 of the Lair of Beasts
  6905 | Lair:1   | Reached XP level 11. HP: 75/97 MP: 10/10
  6927 | Lair:1   | Reached skill level 12 in Axes
  8031 | Lair:2   | Noticed a catoblepas
  8069 | Lair:2   | Killed a catoblepas
  8523 | Lair:2   | Found a hole to the Spider Nest.
  8544 | Lair:2   | Reached skill level 10 in Fighting
  8587 | Spider:1 | Entered Level 1 of the Spider Nest
  8587 | Spider:1 | Noticed an orb spider
  8593 | Spider:1 | Killed an orb spider
  8593 | Spider:1 | Reached skill level 13 in Axes
  8593 | Spider:1 | Reached skill level 10 in Shields
  8595 | Spider:1 | Noticed Nikola
  8626 | Spider:1 | Killed from afar by Nikola

Skill      XL: |  1  2  3  4  5  6  7  8  9 10 11 |
---------------+----------------------------------+-----
Fighting       | 4 5 6 7 8 9 10 | 10.1
Axes           | 4 5 6 7 9 10 11 13 | 13.0
Armour         | 3 4 5 6 7 8 9 |  9.8
Dodging        | 3 4 5 6 7 8 |  8.9
Shields        | 2 5 8 10 | 10.1

Action                   |  1- 3 |  4- 6 |  7- 9 | 10-12 || total
-------------------------+-------+-------+-------+-------++-------
Melee: Hand axe          |    82 |   107 |   141 |       ||   330
       Headbutt          |    12 |    15 |    48 |   102 ||   177
       War axe           |       |       |   107 |   443 ||   550
Throw: Tomahawk          |       |     6 |     8 |     5 ||    19
Invok: Berserk           |     1 |     3 |     5 |     7 ||    16
       Burn Spellbooks   |       |       |     2 |       ||     2
  Use: Scroll            |       |     4 |    10 |     5 ||    19
       Potion            |       |       |       |     1 ||     1
 Stab: Distracted        |       |       |       |     1 ||     1
  Eat: Chunk             |       |     8 |     2 |     6 ||    16
       Ration            |       |       |     4 |     3 ||     7
Armor: Ring mail         |    26 |       |       |       ||    26
       Scale mail        |       |    31 |    50 |       ||    81
       Chain mail        |       |       |    45 |    11 ||    56
       Plate armour      |       |       |       |   228 ||   228
Dodge: Dodged            |    47 |    50 |    97 |   171 ||   365
Block: Buckler           |       |    14 |    14 |       ||    28
       Shield            |       |       |    40 |   297 ||   337
